Map: King's Cove LE

Players

TakTix - Winner!

  • Race: Zerg Zerg
  • League: Diamond
  • Spawn Location: 11:00

Smeeeger

  • Race: Zerg Zerg
  • League: Platinum
  • Spawn Location: 5:00

VOD

Have the link to the VOD?

Description

Time

  • Played on: July 21, 2019, 8:10 a.m.
  • Length: 4:12
Show
View Real Time Build Order
Export as new Build Order

TakTix Zerg - Winner!

Build Orders: Hatch First 

Get SALT Encoding   

  12  0:01  Drone  
  13  0:12  Overlord  
  13  0:18  Drone  
  14  0:31  Drone x2  
  16  0:37  Drone  
  17  0:45  Drone  
  18  0:58  Drone  
  18  1:02  Hatchery  
  18  1:05  Extractor  
  18  1:07  Drone  
  18  1:19  Spawning Pool  
  18  1:22  Drone  
  18  1:28  Drone  
  19  1:47  Overlord  
  19  2:09  Zergling x4  
  19  2:10  Metabolic Boost  
  19  2:11  Zergling x2  
  19  2:12  Queen  
  19  2:14  Queen  
  26  2:16  Zergling x2  
  27  2:39  Zergling x2  
  27  2:40  Drone x3  
  31  3:00  Zergling x8  
  31  3:05  Zergling x2  
  36  3:40  Overlord  
Show
View Real Time Build Order
Export as new Build Order

Smeeeger Zerg 

Build Orders: Hatch First 

Get SALT Encoding   

  12  0:01  Drone  
  13  0:14  Overlord  
  13  0:22  Drone  
  14  0:32  Drone  
  14  0:33  Drone  
  16  0:38  Drone  
  17  0:48  Drone  
  18  0:59  Hatchery  
  18  1:01  Extractor  
  18  1:03  Drone  
  17  1:16  Spawning Pool  
  16  1:19  Drone  
  16  1:23  Drone  
  18  1:31  Drone  
  19  1:45  Overlord  
  19  2:04  Queen  
  19  2:05  Zergling x4  
  23  2:13  Queen  
  23  2:14  Zergling x2  
  26  2:18  Drone  
  26  2:20  Metabolic Boost  
  27  2:25  Drone x2  
  29  2:53  Queen  
  29  2:55  Drone x2, Overlord  
  29  2:56  Overlord  
  29  2:57  Drone x2  
  35  3:17  Drone x2  
  35  3:18  Overlord  
  37  3:21  Drone  
  38  3:41  Zergling x6, Evolution Chamber  
  35  3:44  Roach Warren  
  36  3:51  Drone  
  36  3:52  Drone x3  
Tags
 
Add a new tag
Caveats
  • Supply blocks, unpowered buildings, or Contaminate may cause inaccurate times.
  • Supply counts are checked every 10 seconds.